 Dungeon Crawl Stone Soup version 0.30-a0-778-g2ef04afb54 (webtiles) character file.

Game seed: 4034441122331684949

3598 funkygono the Arsonist (level 10, -3/51 HPs)
             Began as a Gargoyle Fire Elementalist on Feb 15, 2023.
             Was an Initiate of Vehumet.
             Slain by a yak (10 damage)
             ... on level 8 of the Dungeon.
             The game lasted 00:13:02 (9147 turns).

funkygono the Arsonist (Gargoyle Fire Elementalist) Turns: 9147, Time: 00:13:03

Health: -3/51      AC: 11    Str: 11    XL:     10   Next: 10%
Magic:  14/22      EV: 12    Int: 27    God:    Vehumet [......]
Gold:   440        SH:  0    Dex: 10    Spells: 12/26 levels left

rFire   + . .      SeeInvis .    g - +0 whip (venom)
rCold   x . .      Faith    .    (no shield)
rNeg    + . .      Spirit   .    a - +0 robe
rPois   ∞          Reflect  .    D - +1 helmet
rElec   +          Harm     .    (no cloak)
rCorr   .          Rampage  .    (no gloves)
Will    .....                    (no boots)
Stlth   ++                       q - amulet of regeneration
HPRegen 1.08/turn                p - +6 ring of intelligence
MPRegen 0.18/turn                c - ring of fire

@: no status effects
A: sickness immunity, AC +7, negative energy resistance 1, electricity
resistance, torment resistance 1, petrification resistance
a: Renounce Religion


You were on level 8 of the Dungeon.
You worshipped Vehumet.
Vehumet was noncommittal.
You visited 2 branches of the dungeon, and saw 9 of its levels.

You collected 440 gold pieces.

Inventory:

Hand Weapons
 f - a +0 club
 g - a +0 whip of venom (weapon)
 B - a +0 morningstar
Armour
 a - a +0 robe (worn)
 D - a +1 helmet (worn)
Jewellery
 c - a ring of fire (right hand)
 n - a ring of protection from fire
 p - a +6 ring of intelligence (left hand)
 q - an amulet of regeneration (around neck)
 C - a ring of ice
Wands
 y - a wand of paralysis (2)
 A - a wand of light (11)
 E - a wand of flame (17)
Scrolls
 j - a scroll of enchant armour
 k - a scroll of fog
 o - a scroll of teleportation
Potions
 b - a potion of magic
 d - 4 potions of heal wounds
 e - 3 potions of mutation
 h - a potion of attraction
 l - 2 potions of might
 m - a potion of berserk rage
 r - a potion of flight
 s - 5 potions of curing
 t - a potion of brilliance
 u - a potion of lignification {unknown}
 v - a potion of invisibility {unknown}
 x - a potion of degeneration {unknown}
 z - a potion of ambrosia {unknown}


   Skills:
 + Level 0.5 Fighting
 + Level 1.3 Maces & Flails
 + Level 2.5 Dodging
 - Level 2.1 Stealth
 + Level 8.6 Spellcasting
 + Level 6.4 Conjurations
 + Level 9.1 Fire Magic


You had 12 spell levels left.
You knew the following spells:

 Your Spells              Type           Power      Damage    Failure   Level
a - Foxfire               Conj/Fire      100%       2x1d9     1%          1
b - Scorch                Fire           100%       2d10      1%          2
c - Kindle Blastsparks    Fire/Tloc/Air  84%        2d17      4%          3
d - Flame Wave            Conj/Fire      69%        2d16      1%          4
e - Sandblast             Erth           22%        2d7       4%          1
f - Stone Arrow           Conj/Erth      58%        3d10      4%          3

Your spell library contained the following spells:

 Spells                   Type           Power      Damage    Failure   Level
 Inner Flame              Hex/Fire       53%        N/A       2%          3
 Passwall                 Tmut/Erth      9%         N/A       8%          2
 Gell's Gravitas          Tloc           11%        N/A       16%         3
 Teleport Other           Tloc           11%        N/A       16%         3
 Tukima's Dance           Hex            11%        N/A       16%         3
 Passage of Golubria      Tloc           11%        N/A       45%         4
 Yara's Violent Unravell  Hex/Tmut       5%         3d4       80%         5
 Dispersal                Tloc           5%         N/A       100%        6
 Necromutation            Tmut/Necr      5%         N/A       100%        8


Dungeon Overview and Level Annotations

Branches:
Dungeon (8/15)             Temple (1/1) D:7
   Lair: D:8-11

Altars:
Ashenzari
Cheibriados
Dithmenos
Elyvilon
Fedhas
Gozag
Hepliaklqana
Makhleb
Nemelex Xobeh
Okawaru
Qazlal
Ru
Trog
Uskayaw
Vehumet
Wu Jian
Yredelemnul
Zin
The Shining One

Shops:
D:4 !   D:5 (

Annotations:
D:8 1 runed translucent door, kae's ghost, novice GrEE


Innate Abilities, Weirdness & Mutations

You are immune to sickness and miasma.
Your stone body is resilient. (AC +7)
You are immune to poison.
You resist negative energy. (rN+)
You are resistant to electric shocks. (rElec)
You are resistant to unholy torment.
You are immune to petrification.


Message History

The flame wave engulfs the yak!
The yak is severely wounded.
The flame wave engulfs the yak!!
The yak is heavily wounded. (Press . to intensify the flame waves.)
The yak bellows!
The yak closely misses you. The yak completely misses you.
The yak gores you but does no damage. The yak gores you!
A wave of flame ripples out!
The flame wave engulfs the yak!
The yak is almost dead.
The flame wave engulfs the yak!
You kill the yak!
Vehumet accepts your kill.
The flame wave engulfs the yak!
The yak is almost dead.
The flame wave engulfs the yak!
The yak is severely wounded.
The yak gores you but does no damage. The yak closely misses you.
The yak gores you!
* * * LOW HITPOINT WARNING * * *
Your Conjurations skill increases to level 6!
A wave of flame ripples out!
The flame wave engulfs the yak!
You kill the yak!
Vehumet accepts your kill.
The flame wave engulfs the yak!!
You kill the yak!
Vehumet accepts your kill.
The flame wave engulfs the yak!!
You kill the yak!
Vehumet accepts your kill.
The flame wave engulfs the yak!!
The yak is heavily wounded.
You finish channelling waves of flame.
You hear a bellow! x2
Your Fire Magic skill increases to level 9!
You have reached level 10!
Casting: Flame Wave (dangerous; 1% risk of failure)
Confirm with . or Enter, or press ? or * to list all spells.
You feel a surge of power!
You conjure some foxfire!
The yak gores you!
You die...

P∩#.$.. ..#....
..+.... .W#....
.3#....
###....### ..
.......vv# ##..#
.......@†#).....
.#.##.#Y.[/# #
#...## #...#
.......
[.#..##.^#
...#... .#
#...#.... .
......>...


You could see a yak (ally target), a ynoxinul and kae's ghost.

Vanquished Creatures
  The ghost of sanka the Geomancer, a novice GrEE of Vehumet (D:5)
  4 yaks (D:8)
  An ice beast (D:6)
  A sky beast (D:6)
  A centaur (D:7)
  3 ogres
  2 necrophages
  2 bullfrogs
  2 scorpions (D:6)
  15 wights
  5 killer bees
  3 howler monkeys
  2 jellies
  7 orc priests
  4 hounds
  3 iguanas (D:5)
  5 orc wizards
  6 adders
  2 ufetubi (D:4)
  3 worms
  3 dart slugs
  25 orcs
  8 endoplasms
  3 giant cockroaches (D:1)
  14 hobgoblins
  10 jackals
  2 quokkas (D:4)
  7 ball pythons
  6 bats
  5 frilled lizards
  11 goblins
  10 kobolds
  8 rats
184 creatures vanquished.

Vanquished Creatures (others)
  An orc wizard (D:7)
  An orc (D:8)
  601 foxfires
603 creatures vanquished.

Grand Total: 787 creatures vanquished

Notes
Turn   | Place    | Note
-------+----------+-------------------------------------------
     0 | D:1      | funkygono the Gargoyle Fire Elementalist began the quest
                  | for the Orb.
     0 | D:1      | Reached XP level 1. HP: 10/10 MP: 3/3
   278 | D:1      | Reached XP level 2. HP: 11/15 MP: 3/5
   836 | D:1      | Reached XP level 3. HP: 19/19 MP: 2/6
   839 | D:1      | Learned a level 2 spell: Scorch
   843 | D:1      | Learned a level 3 spell: Kindle Blastsparks
  1372 | D:1      | Found a faded altar of an unknown god.
  1671 | D:2      | Found an ornate altar of the Wu Jian Council.
  1680 | D:2      | Reached XP level 4. HP: 24/24 MP: 4/8
  1800 | D:2      | Reached skill level 4 in Fire Magic
  3333 | D:3      | Found a sparkling altar of Nemelex Xobeh.
  3463 | D:4      | Reached XP level 5. HP: 24/28 MP: 5/9
  3602 | D:4      | Found a basalt altar of Yredelemnul.
  3617 | D:4      | Noticed an ogre
  3628 | D:4      | Killed an ogre
  3770 | D:4      | Found Uluass's Distillery.
  3885 | D:4      | Reached XP level 6. HP: 32/32 MP: 6/11
  4678 | D:5      | Entered Level 5 of the Dungeon
  4678 | D:5      | Found a large runed translucent door.
  4678 | D:5      | Found a large runed translucent door.
  4742 | D:5      | Found Zonyelorr's Antique Weapon Shop.
  4899 | D:5      | Found a hide-covered altar of Uskayaw.
  4946 | D:5      | Reached skill level 5 in Fire Magic
  4960 | D:5      | Reached XP level 7. HP: 36/36 MP: 3/13
  5084 | D:5      | Got Celelo's Parchment of Doomed Violence
  5287 | D:5      | Learned a level 4 spell: Flame Wave
  5704 | D:5      | Found a glowing golden altar of the Shining One.
  5949 | D:5      | Found a shadowy altar of Dithmenos.
  5949 | D:5      | Found a sacrificial altar of Ru.
  5956 | D:5      | Noticed sanka's ghost (novice GrEE)
  6235 | D:5      | Killed sanka's ghost
  6236 | D:5      | Reached skill level 5 in Spellcasting
  6236 | D:5      | Reached skill level 6 in Fire Magic
  6236 | D:5      | Reached XP level 8. HP: 23/41 MP: 5/16
  6376 | D:5      | Learned a level 1 spell: Sandblast
  6380 | D:5      | Learned a level 3 spell: Stone Arrow
  6788 | D:6      | Reached skill level 7 in Fire Magic
  6871 | D:6      | Reached skill level 5 in Conjurations
  6930 | D:6      | Reached XP level 9. HP: 23/45 MP: 1/19
  7324 | D:5      | Reached skill level 8 in Fire Magic
  7879 | D:6      | Reached skill level 1 in Maces & Flails
  8354 | D:7      | Found a staircase to the Ecumenical Temple.
  8377 | Temple   | Entered the Ecumenical Temple
  8421 | Temple   | Became a worshipper of Vehumet
  8904 | D:8      | Found a runed translucent door.
  9071 | D:8      | Noticed kae's ghost (novice GrEE)
  9147 | D:8      | Reached skill level 9 in Fire Magic
  9147 | D:8      | Reached XP level 10. HP: 6/51 MP: 15/22
  9147 | D:8      | Slain by a yak

Illustrated notes

Levels and vault maps discovered:
D:1:      amcnicky_arrival_abandoned_market, layout_basic,
          hellmonk_ecumenical_altar_heavens_door
D:2:      layout_loops_ring, basic_altar, corexii_corridor_pit
D:3:      layout_loops_ring, nicolae_overflow_hidden_temple
D:4:      cheibrodos_greedy_goblins, layout_loops_ring, kennysheep_mini_moat,
          serial_shops, shop_statue
D:5:      layout_layer_cave, lemuel_round_altar,
          nicolae_uskayaw_murder_on_the_dancefloor,
          gammafunk_temple_overflow_statue, ebering_ghost_disaster_area,
          serial_shops, nicolae_shop_window_shopping
D:6:      layout_loops_ring
D:7:      layout_basic, minmay_temple_entry_statues_fountains
D:8:      layout_rooms, nicolae_kikubaaqudgha_miasma_corner,
          hellmonk_ghost_big_iron
Temple:   compressed_dpeg_triangle_lava_temple

Skill      XL: |  1  2  3  4  5  6  7  8  9 |
---------------+----------------------------+-----
Conjurations   | 2 3 4 5 6 |  6.4
Fire Magic     | 4 5 6 7 9 |  9.1
Spellcasting   | 3 4 5 6 8 |  8.6
Dodging        | 2 |  2.5
Maces & Flails | 1 |  1.3
Fighting       | |  0.5
Stealth        | |  2.1

Action                     |  1- 3 |  4- 6 |  7- 9 | 10-12 || total
---------------------------+-------+-------+-------+-------++-------
  Melee: Club              |    17 |       |       |       ||    17
         Whip              |     1 |    18 |    18 |       ||    37
   Cast: Foxfire           |    72 |   119 |   166 |     1 ||   358
         Scorch            |     5 |    19 |    30 |       ||    54
         Flame Wave        |       |       |     4 |       ||     4
         Stone Arrow       |       |       |     1 |       ||     1
    Use: Scroll            |       |       |    20 |       ||    20
 Armour: Robe              |    12 |    15 |    20 |       ||    47
  Dodge: Dodged            |    15 |    36 |    39 |       ||    90

Table legend: (Time is in decaauts)
 A = Elapsed time spent in this place.
 B = Non-inter-level travel time spent in this place.
 C = Inter-level travel time spent in this place.
 D = Time resting spent in this place.
 E = Time spent auto-exploring this place.
 F = Levels seen in this place.
 G = Mean time per level.
                   A        B        C        D        E       F      G
               +--------+--------+--------+--------+--------+-----+--------+
         Total |   9155 |   8997 |    158 |    198 |   7642 |   9 | 1017.2 |
       Dungeon |   8891 |   8750 |    141 |    198 |   7408 |   8 | 1111.4 |
        Temple |    264 |    248 |     16 |      0 |    234 |   1 |  264.0 |
               +--------+--------+--------+--------+--------+-----+--------+

Top non-repeatable levels by time:
     D:5: 1851 daAuts
     D:1: 1467 daAuts
     D:6: 1463 daAuts
     D:4: 1197 daAuts
     D:2: 1151 daAuts
     D:3: 866 daAuts
     D:7: 818 daAuts
  Temple: 264 daAuts
     D:8: 74 daAuts
